 Dungeon Crawl Stone Soup version 0.19.0-11-g3fc08b3 (webtiles) character file.

81 Stormleaks the Sneak (level 4, -4/34 HPs)
             Began as a Demonspawn Assassin on Nov 8, 2016.
             Slain by Sigmund
             ... wielding a +3 scythe of protection
              (8 damage)
             ... on level 3 of the Dungeon.
             The game lasted 00:09:32 (2198 turns).

Stormleaks the Sneak (Demonspawn Assassin)          Turns: 2198, Time: 00:09:33

Health: -4/34      AC:  5    Str: 11    XL:     4   Next: 20%
Magic:  4/4        EV: 12    Int: 14    God:
Gold:   87         SH:  0    Dex: 16    Spells: 1 memorised, 2 levels left

rFire  + . .     SeeInvis .     b - +0 blowgun
rCold  + . .     Gourm    .     c - +0 robe
rNeg   . . .     Faith    .     (no shield)
rPois  +         Spirit   .     (no helmet)
rElec  +         Reflect  .     d - +0 cloak
rCorr  +         Harm     .     (no gloves)
MR     .....                    q - -1 pair of boots
Stlth  +.........               (no amulet)
                                (no ring)
                                (no ring)

@: confused, resistant
A: yellow scales 1, clever 1
a: no special abilities


You were on level 3 of the Dungeon.
You were not hungry.

You visited 1 branch of the dungeon, and saw 3 of its levels.

You collected 87 gold pieces.

Inventory:

Hand Weapons
 a - a +3 dagger
 b - a +0 blowgun (weapon)
 m - a +0 dagger of protection
Missiles
 e - 20 poisoned needles (quivered)
 f - 2 curare-tipped needles
Armour
 c - a +0 robe (worn)
 d - a +0 cloak (worn)
 q - a -1 pair of boots (worn)
Jewellery
 k - an uncursed ring of positive energy {unknown}
Scrolls
 o - a scroll of identify
 p - a scroll of fog
Potions
 l - a potion of flight
Books
 h - a book of Cantrips

   Spells                             Type                      Level
   a - Confusing Touch                Hexes                        1
   b - Animate Skeleton               Necromancy                   1
   c - Summon Small Mammal            Summoning                    1
   d - Apportation                    Translocation                1
Comestibles
 g - 2 bread rations
 i - a beef jerky
 n - a meat ration


   Skills:
 + Level 2.6 Fighting
 + Level 2.6 Short Blades
 + Level 2.2 Throwing
 + Level 1.2 Dodging
 + Level 4.0 Stealth
 + Level 0.3 Spellcasting
 + Level 0.2 Summonings


You had 2 spell levels left.
You knew the following spells:

 Your Spells              Type           Power        Failure   Level  Hunger
a - Summon Small Mammal   Summ           #...         30%         1    ##.....


Dungeon Overview and Level Annotations

Branches:
Dungeon (3/15)

Altars:

Annotations:
D:3 Sigmund


Innate Abilities, Weirdness & Mutations

You are partially covered in yellow scales. (AC +2)
Your mind is acute. (Int +2)


Message History

* * * LOW HITPOINT WARNING * * *
You feel much better.
You start resting.
Something hits you!
* * * LOW HITPOINT WARNING * * *
You hear some strange, mumbled words.
You are confused.
You bump into the rock wall.
You're too confused!
You bump into the rock wall.
Something hits you.
* * * LOW HITPOINT WARNING * * *
You're too confused!
You're too confused!
You bump into the rock wall.
You bump into the rock wall.
You feel less confused.
You hear some strange, mumbled words.
You are confused.
Something hits you!
You die...

#).......##..####.#
#.####.#†..........
#.# #...##..##.###
#.# ######..# # #.#
#..# #.# #... #.#
##.## #.#### .#
#.@{.# .# ####.#
#.# #.# #.# #.##
#..# ##.# #.#


There were no monsters in sight!

Vanquished Creatures
  2 adders (D:3)
  2 worms (D:2)
  4 dart slugs (D:1)
  A leopard gecko (D:3)
  2 giant cockroaches
  3 goblins
  3 hobgoblins
  5 jackals
  2 quokkas
  A ball python (D:1)
  5 bats
  5 frilled lizards
  4 kobolds
  12 rats
51 creatures vanquished.

Notes
Turn   | Place    | Note
-------+----------+-------------------------------------------
     0 | D:1      | Stormleaks the Demonspawn Assassin began the quest for the Orb.
     0 | D:1      | Reached XP level 1. HP: 16/16 MP: 1/1
   279 | D:1      | Reached skill level 1 in Dodging
   554 | D:1      | Gained mutation: You are partially covered in yellow scales. (AC +2) [demonic ancestry]
   554 | D:1      | Reached XP level 2. HP: 22/22 MP: 2/2
  1209 | D:1      | Reached XP level 3. HP: 27/27 MP: 3/3
  1374 | D:2      | Reached skill level 4 in Stealth
  1781 | D:2      | Learned a level 1 spell: Summon Small Mammal
  1884 | D:2      | Gained mutation: Your mind is acute. (Int +2) [potion of mutation]
  1884 | D:2      | Gained mutation: You tend to lose your temper in combat. [potion of mutation]
  1884 | D:2      | Lost mutation: You tend to lose your temper in combat. [potion of mutation]
  2130 | D:3      | Noticed Sigmund
  2141 | D:3      | Reached XP level 4. HP: 8/34 MP: 4/4
  2198 | D:3      | Slain by Sigmund

Skill      XL: |  1  2  3 |
---------------+----------+-----
Throwing       | 2 |  2.2
Dodging        | 1 |  1.2
Short Blades   | 2 |  2.6
Stealth        | 4 |  4.0
Fighting       | |  2.6
Spellcasting   | |  0.3
Summonings     | |  0.2

Action                   |  1- 3 |  4- 6 || total
-------------------------+-------+-------++-------
Melee: Dagger            |   178 |    11 ||   189
 Fire: Blowgun           |       |     2 ||     2
 Cast: Summon Small Mamm |     3 |       ||     3
  Use: Scroll            |    11 |       ||    11
       Potion            |     5 |     5 ||    10
 Stab: Sleeping          |     3 |       ||     3
  Eat: Meat ration       |     1 |       ||     1
Armor: Robe              |    87 |     5 ||    92
Dodge: Dodged            |   135 |    10 ||   145
